TOP OF THE 1ST |
Lynchburg Hillcats batting - Pitching for Winston-Salem Spirits : LHP Chuck Hensley
|
Pitching: LHP Chuck Hensley
|
|
Batting: RHB Ronald Lee
|
0-0: Fly out, F7 (Line Drive, 7, EV 103.8 MPH)
|
Batting: RHB Russ Quetti
|
0-0: Ground out 6-3 (Groundball, 6, EV 101.9 MPH)
|
Batting: RHB William Lajoie
|
0-0: Fly out, F7 (Flyball, 7LD, EV 92.5 MPH)
|
Top of the 1st over - 0 runs, 0 hits, 0 errors, 0 left on base; Lynchburg 0 - Winston-Salem 0 |
BOTTOM OF THE 1ST |
Winston-Salem Spirits batting - Pitching for Lynchburg Hillcats : RHP Duane Ware
|
Pitching: RHP Duane Ware
|
|
Batting: LHB Jerome Coleman
|
0-0: Ball 1-0: Foul Ball, location: 2F 1-1: Ball 2-1: Swinging Strike 2-2: SINGLE (Line Drive, 9S, EV 94.4 MPH)
|
Batting: SHB Jim Thomas
|
0-0: Called Strike 0-1: Ball 1-1: Ball 2-1: 2-RUN HOME RUN (Flyball, 9LD, EV 107.5 MPH), Distance : 361 ft
|
Batting: RHB Gregory Key
|
0-0: Called Strike 0-1: Swinging Strike 0-2: Fly out, F6 (Flyball, 56D, EV 80.6 MPH)
|
Batting: SHB Danny Montero
|
0-0: Reached on error, E5 (Groundball, 5, EV 111.3 MPH)
|
Batting: RHB Brad Fischer
|
0-0: Ball 1-0: Foul Ball, location: 2F 1-1: Ball 2-1: Called Strike 2-2: Grounds into double play, 3-6-1 (Groundball, 3, EV 83.1 MPH)
|
Bottom of the 1st over - 2 runs, 2 hits, 1 error, 0 left on base; Lynchburg 0 - Winston-Salem 2 |
TOP OF THE 2ND |
Lynchburg Hillcats batting - Pitching for Winston-Salem Spirits : LHP Chuck Hensley
|
Batting: RHB Richard Witt
|
0-0: Called Strike 0-1: Ground out 5-3 (Groundball, 56S, EV 65.6 MPH)
|
Batting: RHB Kenneth Tillman
|
0-0: Ball 1-0: Called Strike 1-1: Ball 2-1: Ball 3-1: Base on Balls
|
Batting: RHB Jon Corella
|
0-0: Ball 1-0: Ball 2-0: SINGLE (Groundball, 4MD, EV 94.4 MPH) Kenneth Tillman to second Runner from 2nd tries for 3rd, SAFE, no throw by CF
|
Batting: RHB Frederic Wade
|
0-0: Ball 1-0: Ball 2-0: Called Strike 2-1: Ball 3-1: Base on Balls Jon Corella to second
|
Batting: LHB Harold Warner
|
0-0: Ball 1-0: Fly out, F7 (Flyball, 7LM, EV 90.0 MPH) Runner from 3rd tags up, SCORES, throw by LF
|
Batting: RHB Felix Estrada
|
0-0: Ball 1-0: Fly out, F8 (Flyball, 8LXD, EV 97.5 MPH)
|
Top of the 2nd over - 1 run, 1 hit, 0 errors, 2 left on base; Lynchburg 1 - Winston-Salem 2 |
BOTTOM OF THE 2ND |
Winston-Salem Spirits batting - Pitching for Lynchburg Hillcats : RHP Duane Ware
|
Batting: RHB Buddy Bailey
|
0-0: Called Strike 0-1: Ball 1-1: SINGLE (Flyball, 3D, EV 96.3 MPH) - OUT at second base trying to stretch hit.
|
Batting: RHB Larry Reasonover
|
0-0: Ball 1-0: Ball 2-0: Ball 3-0: Called Strike 3-1: DOUBLE (Flyball, 8LXD, EV 100.6 MPH)
|
Batting: RHB Ell Roberson
|
0-0: Ball 1-0: DOUBLE (Line Drive, 3D, EV 94.4 MPH) Larry Reasonover scores
|
Batting: RHB Kelly Miller
|
0-0: Ball 1-0: Ground out 5-3 (Groundball, 5L, EV 82.5 MPH)
|
Batting: LHB Jerome Coleman
|
0-0: Swinging Strike 0-1: Ball 1-1: Ball 2-1: Called Strike 2-2: SINGLE (Groundball, 15S, EV 71.9 MPH) (infield hit) Ell Roberson to third
|
Batting: SHB Jim Thomas
|
0-0: Ball 1-0: Fielders Choice at 2nd, U4 (Groundball, 4M, EV 86.3 MPH)
|
Bottom of the 2nd over - 1 run, 4 hits, 0 errors, 2 left on base; Lynchburg 1 - Winston-Salem 3 |
TOP OF THE 3RD |
Lynchburg Hillcats batting - Pitching for Winston-Salem Spirits : LHP Chuck Hensley
|
Batting: RHB Ronald Lee
|
0-0: Bunt for hit to 25 - play at first, batter safe!
|
Batting: RHB Russ Quetti
|
0-0: Ball 1-0: Called Strike 1-1: Foul Ball, location: 2F 1-2: Fly out, F7 (Flyball, 7D, EV 104.4 MPH)
|
Batting: RHB William Lajoie
|
0-0: Ball 1-0: Swinging Strike 1-1: Ball 2-1: Foul Ball, location: 2F 2-2: Fly out, F7 (Flyball, 78D, EV 96.3 MPH)
|
Batting: RHB Richard Witt
|
0-0: Foul Ball, location: 2F 0-1: Called Strike 0-2: Foul Ball, location: 2F 0-2: Foul Ball, location: 2F 0-2: Ball 1-2: Foul Ball, location: 2F 1-2: Ball 2-2: Fly out, F8 (Line Drive, 8RM, EV 93.1 MPH)
|
Top of the 3rd over - 0 runs, 1 hit, 0 errors, 1 left on base; Lynchburg 1 - Winston-Salem 3 |
BOTTOM OF THE 3RD |
Winston-Salem Spirits batting - Pitching for Lynchburg Hillcats : RHP Duane Ware
|
Batting: RHB Gregory Key
|
0-0: Ball 1-0: Swinging Strike 1-1: Foul Ball, location: 2F 1-2: Foul Ball, location: 2F 1-2: Ground out 4-3 (Groundball, 34, EV 107.5 MPH)
|
Batting: SHB Danny Montero
|
0-0: Called Strike 0-1: Called Strike 0-2: Strikes out swinging
|
Batting: RHB Brad Fischer
|
0-0: Ball 1-0: Swinging Strike 1-1: Called Strike 1-2: Foul Ball, location: 2F 1-2: Ball 2-2: Ball 3-2: Strikes out swinging
|
Bottom of the 3rd over - 0 runs, 0 hits, 0 errors, 0 left on base; Lynchburg 1 - Winston-Salem 3 |
TOP OF THE 4TH |
Lynchburg Hillcats batting - Pitching for Winston-Salem Spirits : LHP Chuck Hensley
|
Batting: RHB Kenneth Tillman
|
0-0: Ball 1-0: Ball 2-0: Ball 3-0: Called Strike 3-1: SINGLE (Line Drive, 89S, EV 106.9 MPH)
|
Batting: RHB Jon Corella
|
0-0: Fly out, F8 (Flyball, 78M, EV 84.4 MPH)
|
Batting: RHB Frederic Wade
|
0-0: Ball 1-0: Ball 2-0: Foul Ball, location: 2F 2-1: Swinging Strike 2-2: SINGLE (Groundball, 6MD, EV 95.6 MPH) Kenneth Tillman to second
|
Batting: LHB Harold Warner
|
0-0: Called Strike 0-1: Called Strike 0-2: Fielders Choice at 2nd, 3-6 (Groundball, 3, EV 81.3 MPH) Kenneth Tillman to third
|
Batting: RHB Felix Estrada
|
0-0: Ball 1-0: SINGLE (Groundball, 34D, EV 105.6 MPH) Kenneth Tillman scores Harold Warner to second Runner from 2nd tries for 3rd, SAFE, throw by RF made to third
|
Batting: RHB Ronald Lee
|
0-0: Ground out 4-3 (Groundball, 4, EV 101.3 MPH)
|
Top of the 4th over - 1 run, 3 hits, 0 errors, 2 left on base; Lynchburg 2 - Winston-Salem 3 |
BOTTOM OF THE 4TH |
Winston-Salem Spirits batting - Pitching for Lynchburg Hillcats : RHP Duane Ware
|
Batting: RHB Buddy Bailey
|
0-0: Foul Ball, location: 2F 0-1: Ball 1-1: Ball 2-1: Foul Ball, location: 2F 2-2: Ball 3-2: Base on Balls
|
Batting: RHB Larry Reasonover
|
0-0: Ball 1-0: Foul Ball, location: 2F 1-1: Called Strike 1-2: Ball 2-2: Foul Ball, location: 2F 2-2: Strikes out swinging
|
Batting: RHB Ell Roberson
|
0-0: Ball 1-0: Ball 2-0: Called Strike 2-1: Ball 3-1: Foul Ball, location: 2F 3-2: DOUBLE (Flyball, 78D, EV 86.9 MPH) Buddy Bailey to third
|
Batting: RHB Kelly Miller
|
0-0: Ball 1-0: Ball 2-0: Foul Ball, location: 2F 2-1: Swinging Strike 2-2: Foul Ball, location: 2F 2-2: Ball 3-2: Foul Ball, location: 2F 3-2: Strikes out swinging
|
Batting: LHB Jerome Coleman
|
0-0: Called Strike 0-1: Ball 1-1: Foul Ball, location: 2F 1-2: Ball 2-2: Ground out 5-3 (Groundball, 5, EV 93.8 MPH)
|
Bottom of the 4th over - 0 runs, 1 hit, 0 errors, 2 left on base; Lynchburg 2 - Winston-Salem 3 |
TOP OF THE 5TH |
Lynchburg Hillcats batting - Pitching for Winston-Salem Spirits : LHP Chuck Hensley
|
Batting: RHB Russ Quetti
|
0-0: Ball 1-0: Fly out, F7 (Flyball, 7LM, EV 77.5 MPH)
|
Batting: RHB William Lajoie
|
0-0: Ball 1-0: Ball 2-0: Ball 3-0: Called Strike 3-1: Base on Balls
|
Batting: RHB Richard Witt
|
0-0: Ball 1-0: Ball 2-0: Ball 3-0: Base on Balls William Lajoie to second
|
Batting: RHB Kenneth Tillman
|
0-0: Ball 1-0: Ball 2-0: Foul Ball, location: 2F 2-1: Ball 3-1: Fly out, F4 (Flyball, 4D, EV 81.3 MPH)
|
Batting: RHB Jon Corella
|
0-0: Ball 1-0: Ball 2-0: Fly out, F9 (Flyball, 9, EV 80.6 MPH)
|
Top of the 5th over - 0 runs, 0 hits, 0 errors, 2 left on base; Lynchburg 2 - Winston-Salem 3 |
BOTTOM OF THE 5TH |
Winston-Salem Spirits batting - Pitching for Lynchburg Hillcats : RHP Duane Ware
|
Batting: SHB Jim Thomas
|
0-0: Ground out 6-3 (Groundball, 6M, EV 86.3 MPH)
|
Batting: RHB Gregory Key
|
0-0: Foul Ball, location: 2F 0-1: Ball 1-1: Called Strike 1-2: Ball 2-2: Foul Ball, location: 2F 2-2: Fly out, F7 (Flyball, 7S, EV 82.5 MPH)
|
Batting: SHB Danny Montero
|
0-0: Ball 1-0: SINGLE (Groundball, 56S, EV 65.0 MPH) (infield hit)
|
Batting: RHB Brad Fischer
|
0-0: Ball Danny Montero is caught stealing 2nd base 2-4
|
Bottom of the 5th over - 0 runs, 1 hit, 0 errors, 0 left on base; Lynchburg 2 - Winston-Salem 3 |
TOP OF THE 6TH |
Lynchburg Hillcats batting - Pitching for Winston-Salem Spirits : LHP Chuck Hensley
|
Batting: RHB Frederic Wade
|
0-0: Ball 1-0: Foul Ball, location: 2F 1-1: TRIPLE (Flyball, 89XD, EV 93.8 MPH)
|
Batting: LHB Harold Warner
|
0-0: Fly out, F9 (Flyball, 89S, EV 83.8 MPH)
|
Batting: RHB Felix Estrada
|
0-0: Swinging Strike 0-1: TRIPLE (Flyball, 78XD, EV 98.1 MPH) Frederic Wade scores
|
Batting: RHB Ronald Lee
|
0-0: Fly out, F8 (Line Drive, 8RM, EV 98.1 MPH)
|
Batting: RHB Russ Quetti
|
0-0: Ball 1-0: Ball 2-0: Ball 3-0: Called Strike 3-1: Called Strike 3-2: Base on Balls
|
Batting: RHB William Lajoie
|
0-0: Foul Ball, location: 2F 0-1: Ground out 4-3 (Groundball, 4, EV 102.5 MPH)
|
Top of the 6th over - 1 run, 2 hits, 0 errors, 2 left on base; Lynchburg 3 - Winston-Salem 3 |
BOTTOM OF THE 6TH |
Winston-Salem Spirits batting - Pitching for Lynchburg Hillcats : RHP Duane Ware
|
Batting: RHB Brad Fischer
|
0-0: Fly out, F6 (Line Drive, 6, EV 68.1 MPH)
|
Batting: RHB Buddy Bailey
|
0-0: SINGLE (Line Drive, 6D, EV 103.8 MPH)
|
Batting: RHB Larry Reasonover
|
0-0: Ball 1-0: Called Strike 1-1: Fly out, F8 (Flyball, 78D, EV 93.8 MPH)
|
Batting: RHB Ell Roberson
|
0-0: Ball 1-0: Foul Ball, location: 2F 1-1: Ground out U3 (Groundball, 3, EV 85.0 MPH)
|
Bottom of the 6th over - 0 runs, 1 hit, 0 errors, 1 left on base; Lynchburg 3 - Winston-Salem 3 |
TOP OF THE 7TH |
Lynchburg Hillcats batting - Pitching for Winston-Salem Spirits : LHP Chuck Hensley
|
Batting: RHB Richard Witt
|
0-0: Called Strike 0-1: Ground out 6-3 (Groundball, 6, EV 78.8 MPH)
|
Batting: RHB Kenneth Tillman
|
0-0: Called Strike 0-1: Ball 1-1: SINGLE (Line Drive, 8LS, EV 91.9 MPH)
|
Batting: RHB Jon Corella
|
0-0: Called Strike 0-1: Ball 1-1: Fly out, F6 (Popup, P, EV 83.1 MPH)
|
Batting: RHB Frederic Wade
|
0-0: Ball 1-0: Foul Ball, location: 2F 1-1: Ball 2-1: Ball 3-1: Ground out 4-3 (Groundball, 34, EV 107.5 MPH)
|
Top of the 7th over - 0 runs, 1 hit, 0 errors, 1 left on base; Lynchburg 3 - Winston-Salem 3 |
BOTTOM OF THE 7TH |
Winston-Salem Spirits batting - Pitching for Lynchburg Hillcats : RHP Duane Ware
|
Batting: RHB Kelly Miller
|
0-0: Called Strike 0-1: Ball 1-1: Called Strike 1-2: Ball 2-2: SINGLE (Line Drive, 8RS, EV 90.6 MPH)
|
Batting: LHB Jerome Coleman
|
0-0: Called Strike 0-1: Called Strike 0-2: Ball 1-2: Ball 2-2: Fielders Choice at 2nd, 6-4 (Groundball, 6, EV 81.9 MPH)
|
Batting: SHB Jim Thomas
|
0-0: Called Strike Jerome Coleman steals 2nd base 0-1: Ball 1-1: Ground out 4-3 (Groundball, 4, EV 100.0 MPH) Jerome Coleman to third
|
Batting: RHB Gregory Key
|
0-0: Fly out, F4 (Popup, 23, EV 83.8 MPH)
|
Bottom of the 7th over - 0 runs, 1 hit, 0 errors, 1 left on base; Lynchburg 3 - Winston-Salem 3 |
TOP OF THE 8TH |
Lynchburg Hillcats batting - Pitching for Winston-Salem Spirits : LHP Chuck Hensley
|
Batting: LHB Harold Warner
|
0-0: Called Strike 0-1: Ball 1-1: Ground out 4-3 (Groundball, 34D, EV 100.0 MPH)
|
Batting: RHB Felix Estrada
|
0-0: Ball 1-0: Ball 2-0: Called Strike 2-1: Called Strike 2-2: Strikes out swinging
|
Batting: RHB Ronald Lee
|
0-0: Ball 1-0: Ground out 1-3 (Groundball, 15S, EV 73.1 MPH)
|
Top of the 8th over - 0 runs, 0 hits, 0 errors, 0 left on base; Lynchburg 3 - Winston-Salem 3 |
BOTTOM OF THE 8TH |
Winston-Salem Spirits batting - Pitching for Lynchburg Hillcats : RHP Duane Ware
|
Batting: SHB Danny Montero
|
0-0: Swinging Strike 0-1: Foul Ball, location: 2F 0-2: Foul Ball, location: 2F 0-2: Ground out U3 (Groundball, 3, EV 82.5 MPH)
|
Batting: RHB Brad Fischer
|
0-0: Called Strike 0-1: Foul Ball, location: 2F 0-2: Ball 1-2: Ground out 4-3 (Groundball, 4, EV 84.4 MPH)
|
Batting: RHB Buddy Bailey
|
0-0: Ground out 6-3 (Groundball, 6, EV 79.4 MPH)
|
Bottom of the 8th over - 0 runs, 0 hits, 0 errors, 0 left on base; Lynchburg 3 - Winston-Salem 3 |
TOP OF THE 9TH |
Lynchburg Hillcats batting - Pitching for Winston-Salem Spirits : LHP Chuck Hensley
|
Pitching: LHP Michael Yesenchak
|
|
Pinch Hitting: RHB Luis A Rivera
|
0-0: Foul Ball, location: 2F 0-1: Foul Ball, location: 2F 0-2: Strikes out swinging
|
Batting: RHB William Lajoie
|
0-0: Ball 1-0: Ground out 6-3 (Groundball, 6, EV 78.1 MPH)
|
Batting: RHB Richard Witt
|
0-0: Ground out 4-3 (Groundball, 4, EV 101.9 MPH)
|
Top of the 9th over - 0 runs, 0 hits, 0 errors, 0 left on base; Lynchburg 3 - Winston-Salem 3 |
BOTTOM OF THE 9TH |
Winston-Salem Spirits batting - Pitching for Lynchburg Hillcats : RHP Duane Ware
|
Pitching: RHP Paul Steets
|
|
Now at SS: Luis A Rivera
|
|
Batting: RHB Larry Reasonover
|
0-0: Called Strike 0-1: Ball 1-1: Foul Ball, location: 2F 1-2: Ball 2-2: Strikes out looking
|
Batting: RHB Ell Roberson
|
0-0: Ball 1-0: Called Strike 1-1: Fly out, F9 (Line Drive, 9D, EV 92.5 MPH)
|
Batting: RHB Kelly Miller
|
0-0: Ball 1-0: Ball 2-0: Ball 3-0: Called Strike 3-1: Swinging Strike 3-2: Strikes out looking
|
Bottom of the 9th over - 0 runs, 0 hits, 0 errors, 0 left on base; Lynchburg 3 - Winston-Salem 3 |
TOP OF THE 10TH |
Lynchburg Hillcats batting - Pitching for Winston-Salem Spirits : LHP Michael Yesenchak
|
Batting: RHB Kenneth Tillman
|
0-0: Called Strike 0-1: Foul Ball, location: 2F 0-2: Strikes out swinging
|
Batting: RHB Jon Corella
|
0-0: Swinging Strike 0-1: Ball 1-1: Ball 2-1: DOUBLE (Flyball, 78D, EV 91.9 MPH)
|
Batting: RHB Frederic Wade
|
0-0: Intentional Walk
|
Pinch Hitting: RHB Everett Rey
|
0-0: Ball 1-0: Called Strike 1-1: Ball 2-1: Grounds into double play, 4-6-3 (Groundball, 4MS, EV 85.0 MPH)
|
Top of the 10th over - 0 runs, 1 hit, 0 errors, 1 left on base; Lynchburg 3 - Winston-Salem 3 |
BOTTOM OF THE 10TH |
Winston-Salem Spirits batting - Pitching for Lynchburg Hillcats : RHP Paul Steets
|
Now in RF: Stanley Cannon
|
|
Batting: LHB Jerome Coleman
|
0-0: Ground out 4-3 (Groundball, 4, EV 106.3 MPH)
|
Batting: SHB Jim Thomas
|
0-0: Called Strike 0-1: Ball 1-1: Foul Ball, location: 2F 1-2: Fly out, F5 (Popup, 5, EV 54.4 MPH)
|
Batting: RHB Gregory Key
|
0-0: Swinging Strike 0-1: Ground out 5-3 (Groundball, 56S, EV 84.4 MPH)
|
Bottom of the 10th over - 0 runs, 0 hits, 0 errors, 0 left on base; Lynchburg 3 - Winston-Salem 3 |
TOP OF THE 11TH |
Lynchburg Hillcats batting - Pitching for Winston-Salem Spirits : LHP Michael Yesenchak
|
Batting: RHB Felix Estrada
|
0-0: Foul Ball, location: 2F 0-1: Foul Ball, location: 2F 0-2: DOUBLE (Groundball, 5L, EV 106.9 MPH)
|
Batting: RHB Ronald Lee
|
0-0: Ground out 4-3 (Groundball, 34, EV 83.8 MPH) Felix Estrada to third
|
Batting: RHB Luis A Rivera
|
0-0: Intentional Walk
|
Batting: RHB William Lajoie
|
0-0: Fielders Choice at 2nd, 6-4 (Groundball, 56, EV 109.4 MPH) Felix Estrada scores
|
Batting: RHB Richard Witt
|
0-0: Ball 1-0: Called Strike 1-1: Ball 2-1: Swinging Strike 2-2: DOUBLE (Line Drive, 89D, EV 106.9 MPH) William Lajoie to third Runner from 3rd tries for Home, SAFE, throw by RF to trailing runner, SAFE at third!
|
Batting: RHB Kenneth Tillman
|
0-0: Foul Ball, location: 2F 0-1: Ball 1-1: Fly out, F8 (Flyball, 8RD, EV 99.4 MPH)
|
Top of the 11th over - 2 runs, 2 hits, 0 errors, 1 left on base; Lynchburg 5 - Winston-Salem 3 |
BOTTOM OF THE 11TH |
Winston-Salem Spirits batting - Pitching for Lynchburg Hillcats : RHP Paul Steets
|
Batting: SHB Danny Montero
|
0-0: Ball 1-0: Ball 2-0: SINGLE (Groundball, 34D, EV 99.4 MPH)
|
Batting: RHB Brad Fischer
|
0-0: Called Strike 0-1: Ball 1-1: SINGLE (Flyball, 89S, EV 88.8 MPH) Danny Montero to second
|
Batting: RHB Buddy Bailey
|
0-0: Called Strike 0-1: Ball 1-1: Fly out, F3 (Popup, 3SF, EV 76.9 MPH)
|
Batting: RHB Larry Reasonover
|
0-0: Ball 1-0: Called Strike 1-1: Called Strike 1-2: Ball 2-2: Strikes out swinging
|
Batting: RHB Ell Roberson
|
0-0: Ball 1-0: Called Strike 1-1: Foul Ball, location: 2F 1-2: SINGLE (Line Drive, 78S, EV 97.5 MPH) Danny Montero to third Brad Fischer to second
|
Pinch Hitting: RHB Michael Lenti
|
0-0: Called Strike 0-1: Swinging Strike 0-2: Ball 1-2: Strikes out swinging
|
Bottom of the 11th over - 0 runs, 3 hits, 0 errors, 3 left on base; Lynchburg 5 - Winston-Salem 3 |
|